 Dungeon Crawl Stone Soup version 0.27-a0-1228-gfd60fd639a (webtiles) character file.

Game seed: 16533428615448320871

107 robertstho the Firebug (level 4, -1/27 HPs)
             Began as an Octopode Fire Elementalist on June 7, 2021.
             Slain by an orc
             ... wielding a +0 short sword
              (5 damage)
             ... on level 2 of the Dungeon.
             The game lasted 00:03:11 (3090 turns).

robertstho the Firebug (Octopode Fire Elementalist) Turns: 3090, Time: 00:03:13

Health: -1/27      AC:  1    Str:  7    XL:     4   Next: 85%
Magic:  0/7        EV: 13    Int: 18    God:
Gold:   57         SH:  0    Dex: 12    Spells: 6/7 levels left

rFire    . . .     SeeInvis .   d - staff of air
rCold    . . .     Faith    .   (no shield)
rNeg     . . .     Spirit   .   (helmet restricted)
rPois    .         Reflect  .   (no amulet)
rElec    +         Harm     .   (no ring)
rCorr    .         Rampage  .   (no ring)
Will     .....                  (no ring)
Stlth    +++.......             (no ring)
HPRegen  0.09/turn              (no ring)
MPRegen  0.10/turn              (no ring)
                                (no ring)
                                (no ring)

@: no status effects
A: almost no armour, amphibious, 8 rings, camouflage 1, gelatinous body 1,
(nimble swimmer 1), tentacles
a: no special abilities


You were on level 2 of the Dungeon.
You visited 1 branch of the dungeon, and saw 2 of its levels.

You collected 57 gold pieces.

Inventory:

Hand Weapons
 b - a +0 short sword
Magical Staves
 d - a staff of air (weapon)
Scrolls
 a - a scroll of enchant armour {unknown}
 c - 3 scrolls of identify {unknown}
 e - a scroll of vulnerability {unknown}
 f - a scroll of blinking {unknown}
 h - a scroll of fear {unknown}
 j - a scroll of teleportation {unknown}
Potions
 g - 2 potions of degeneration {unknown}
 i - a potion of haste {unknown}


   Skills:
 + Level 0.2 Fighting
 + Level 0.4 Staves
 + Level 2.1 Dodging
 + Level 3.7 Stealth
 + Level 0.8 Unarmed Combat
 + Level 2.4 Spellcasting
 + Level 1.5 Conjurations
 + Level 4.1 Fire Magic


You had 6 spell levels left.
You knew the following spells:

 Your Spells              Type           Power      Damage    Failure   Level
a - Foxfire               Conj/Fire      48%        2x1d6     5%          1

Your spell library contained the following spells:

 Spells                   Type           Power      Damage    Failure   Level
 Conjure Flame            Conj/Fire      12%        6-21      16%         3
 Inner Flame              Hex/Fire       9%         N/A       22%         3
 Sticky Flame             Conj/Fire      12%        2d4       47%         4
 Fireball                 Conj/Fire      6%         3d5       83%         5


Dungeon Overview and Level Annotations

Branches:
Dungeon (2/15)

Altars:


Innate Abilities, Weirdness & Mutations

You cannot wear most types of armour.
You are amphibious.
You can wear up to eight rings at the same time.
Your skin changes colour to match your surroundings (Stealth+).
Your rubbery body absorbs attacks. (AC +1, EV +1)
((You are camouflaged near water. (Stealth+)))
You have tentacles for arms and can constrict up to eight enemies at once.


Message History

Casting: Foxfire (safe; 6% risk of failure)
Press: ? - help, Q - select action Dir - look around, f - activate You conjure some foxfire!
The foxfire hits the orc wizard.
The orc wizard is severely wounded.
The foxfire hits the orc wizard but does no damage.
The orc wizard is severely wounded.
Casting: Foxfire (safe; 6% risk of failure)
Press: ? - help, Q - select action Dir - look around, f - activate You conjure some foxfire!
The foxfire hits the orc wizard but does no damage.
The orc wizard is severely wounded.
The foxfire hits the orc wizard.
The orc wizard is almost dead.
Casting: Foxfire (safe; 6% risk of failure)
Press: ? - help, Q - select action Dir - look around, f - activate You conjure some foxfire!
The foxfire hits the orc wizard.
You kill the orc wizard!
The foxfire hits the orc but does no damage.
The orc is heavily wounded.
The foxfire hits the orc but does no damage.
The orc is heavily wounded.
Your Fire Magic skill increases to level 4!
Unknown command.
You don't have enough magic to cast this spell.
You don't have enough magic to cast this spell.
Unknown command.
You hit the orc but do no damage. You grab the orc.
The orc is heavily wounded.
You constrict the orc, but do no damage.
The foxfire hits the orc but does no damage.
The orc is heavily wounded.
An orc comes into view. It is wielding a +0 club.
The orc priest calls down the wrath of Beogh upon you.
Beogh smites you!
Ouch! That really hurt!
* * * LOW HITPOINT WARNING * * *
The orc hits you with a +0 short sword.
You die...

##§..####.######. #..#..# #.#
##§###...........o#####..#..###.#
...................#............#
...)#.#........#...#.#...##.....#
....._...#####.#........##....#.#
....#.#..#...#.#o.##.#.#....#§#.#
........##.....#)....#. ......#.#
######.#.......§oo.###...........
...............§@..............>#
###.##.#.#.#####§#.###..#...#####
###.####...#####.# # #.###
..)..............#..###..
###.####.......>.+....#.#####
###.# #.[.......# ...#.#...#
....# #.........# #..#.#.#.#
....####.........# #..#.#.#.#####
.........).......# #..#.#.#......


You could see an orc priest and 3 orcs.

Vanquished Creatures
  An orc wizard (D:2)
  2 adders (D:2)
  An adder skeleton (D:2)
  3 dart slugs (D:1)
  An orc (D:2)
  6 ball pythons
  4 bats
  A bat skeleton (D:2)
  A bat zombie (D:2)
  4 endoplasms
  2 giant cockroaches
  2 goblins (D:2)
  A hobgoblin (D:1)
  3 jackals (D:1)
  7 kobolds
  4 quokkas
  A ball python skeleton (D:2)
  A ball python zombie (D:2)
  4 frilled lizards (D:1)
  4 rats
53 creatures vanquished.

Vanquished Creatures (collateral kills)
  A foxfire (D:1)
1 creature vanquished.

Vanquished Creatures (others)
  148 foxfires
  3 plants (D:1)
  3 withered plants (D:2)
154 creatures vanquished.

Grand Total: 208 creatures vanquished

Notes
Turn   | Place    | Note
-------+----------+-------------------------------------------
     0 | D:1      | robertstho the Octopode Fire Elementalist began the quest
                  | for the Orb.
     0 | D:1      | Reached XP level 1. HP: 11/11 MP: 3/3
   312 | D:1      | Reached XP level 2. HP: 2/17 MP: 0/5
  1061 | D:1      | Reached XP level 3. HP: 21/21 MP: 1/6
  2212 | D:2      | Reached XP level 4. HP: 27/27 MP: 3/7
  2300 | D:2      | Found a faded altar of an unknown god.
  3090 | D:2      | Reached skill level 4 in Fire Magic
  3090 | D:2      | Slain by an orc

Illustrated notes

Levels and vault maps discovered:
D:1:      saegor_arrival_simple_e, layout_basic, serial_forest,
          infiniplex_forest_clump_C, infiniplex_forest_diagonal,
          infiniplex_forest_lined_1, infiniplex_forest_straight_5,
          infiniplex_forest_end_double, infiniplex_forest_end_2,
          infiniplex_forest_end_2, nrook_uturn
D:2:      layout_basic, chequers_ecumenical_altar_simple, serial_undead,
          serial_undead_c, serial_undead_a, serial_undead_f, serial_undead_c,
          serial_undead_f, serial_undead_a, minmay_quadrilaterals

Skill      XL: |  1  2  3  4 |
---------------+-------------+-----
Stealth        | 3 |  3.7
Fire Magic     | 4 |  4.1
Fighting       | |  0.2
Staves         | |  0.4
Dodging        | |  2.1
Unarmed Combat | |  0.8
Spellcasting   | |  2.4
Conjurations   | |  1.5

Action                   |  1- 3 |  4- 6 || total
-------------------------+-------+-------++-------
Melee: Unarmed           |    13 |       ||    13
       Constrict         |    11 |     1 ||    12
       Tentacles         |     6 |       ||     6
       Staff             |    41 |     5 ||    46
 Cast: Foxfire           |    41 |    44 ||    85
 Stab: Sleeping          |     4 |       ||     4
Armor: Skin              |     1 |     1 ||     2
Dodge: Dodged            |    38 |     8 ||    46

Table legend: (Time is in decaauts)
 A = Elapsed time spent in this place.
 B = Non-inter-level travel time spent in this place.
 C = Inter-level travel time spent in this place.
 D = Time resting spent in this place.
 E = Time spent auto-exploring this place.
 F = Levels seen in this place.
 G = Mean time per level.
                   A        B        C        D        E       F      G
               +--------+--------+--------+--------+--------+-----+--------+
         Total |   3097 |   3094 |      3 |    510 |   2166 |   2 | 1548.5 |
       Dungeon |   3097 |   3094 |      3 |    510 |   2166 |   2 | 1548.5 |
               +--------+--------+--------+--------+--------+-----+--------+

Top non-repeatable levels by time:
     D:1: 1575 daAuts
     D:2: 1522 daAuts
